 Dungeon Crawl Stone Soup version 0.21-a0-621-gc60411f (webtiles) character file.

3087 Amnesiac the Changer (level 9, -22/73 HPs)
             Began as an Octopode Transmuter on Dec 23, 2017.
             Was a Priest of Okawaru.
             Annihilated by a two-headed ogre
             ... wielding a +0 giant spiked club
              (30 damage)
             ... on level 8 of the Dungeon.
             The game lasted 00:10:45 (7756 turns).

Amnesiac the Changer (Octopode Transmuter)          Turns: 7756, Time: 00:10:46

Health: -22/73     AC:  5    Str: 10    XL:     9   Next: 89%
Magic:  0/33       EV: 12    Int: 15    God:    Okawaru [***...]
Gold:   482        SH:  0    Dex: 15    Spells: 7/17 levels left

rFire    x . .     SeeInvis .     - Unarmed
rCold    + + +     Gourm    .   (shield currently unavailable)
rNeg     . . .     Faith    .   (helmet currently unavailable)
rPois    +         Spirit   +   u - amulet of guardian spirit
rElec    .         Reflect  .   n - ring of stealth
rCorr    .         Harm     .   B - ring of magical power
MR       .....                  C - ring of magical power
Stlth    ++........             (no ring)
HPRegen  0.22/turn              (no ring)
MPRegen  0.23/turn              (no ring)
                                (no ring)
                                (no ring)

@: ice-form, very slightly contaminated
A: large, almost no armour, stealthy swim, amphibious, 8 rings, (constrict 8)
a: End Transformation, Heroism, Renounce Religion


You were on level 8 of the Dungeon.
You worshipped Okawaru.
Okawaru was most pleased with you.
You were not hungry.
You were a creature of crystalline ice.
You visited 1 branch of the dungeon, and saw 8 of its levels.

You collected 482 gold pieces.

Inventory:

Hand Weapons
 a - a +0 arbalest (melded)
 b - a +0 blowgun
 w - a +1 trident of venom
Missiles
 d - a throwing net
 h - 295 stones (quivered)
 s - 70 arrows
 t - 15 bolts
 A - 14 poisoned needles
Jewellery
 n - a ring of stealth (left front paw)
 u - an amulet of guardian spirit (around neck)
 B - a ring of magical power (right front paw)
 C - a ring of magical power (on tentacle)
 I - a +6 amulet of reflection
 R - an uncursed ring of fire
Wands
 y - a wand of enslavement (10)
 H - a wand of iceblast (8)
 L - a wand of flame (18)
 P - a wand of acid (8)
Scrolls
 e - 3 scrolls of immolation {!r, unknown}
 g - 10 scrolls of remove curse {!r, unknown}
 i - 4 scrolls of fog {!r, unknown}
 k - 6 scrolls of identify {!r, unknown}
 m - 2 scrolls of random uselessness {!r, unknown}
 p - 2 scrolls of enchant weapon {!r, unknown}
 q - 2 scrolls of teleportation {!r, unknown}
 z - 2 scrolls of fear {!r, unknown}
 E - 2 scrolls of blinking {!r, unknown}
 K - 2 scrolls of enchant armour {!r, unknown}
 N - 2 scrolls of amnesia {!r, unknown}
Potions
 f - a potion of cancellation {!q, unknown}
 j - 2 potions of lignification {!q, unknown}
 l - 2 potions of magic {!q, unknown}
 o - a potion of agility {!q, unknown}
 r - a potion of might {!q, unknown}
 x - 4 potions of curing {!q, unknown}
 D - a potion of brilliance {!q, unknown}
 G - a potion of invisibility {!q, unknown}
 J - a potion of flight {!q, unknown}
 M - a potion of degeneration {!q, unknown}
Books
 v - a book of Changes

   Spells                             Type                      Level
   a - Beastly Appendage              Transmutation                1
   b - Sticks to Snakes               Transmutation                2
   c - Spider Form                    Transmutation/Poison         3
   d - Ice Form                       Ice/Transmutation            4
   e - Blade Hands                    Transmutation                5
 F - a book of Cantrips

   Spells                             Type                      Level
   a - Confusing Touch                Hexes                        1
   b - Animate Skeleton               Necromancy                   1
   c - Summon Small Mammal            Summoning                    1
   d - Apportation                    Translocation                1
 O - a book of Air

   Spells                             Type                      Level
   a - Shock                          Conjuration/Air              1
   b - Swiftness                      Charms/Air                   2
   c - Static Discharge               Conjuration/Air              3
   d - Airstrike                      Air                          4
   e - Lightning Bolt                 Conjuration/Air              5
Comestibles
 c - 15 rations


   Skills:
 + Level 5.0 Fighting
 + Level 4.9 Dodging
 * Level 7.4 Unarmed Combat
 + Level 4.6 Spellcasting
 * Level 7.4 Transmutations
 + Level 4.2 Invocations


You had 7 spell levels left.
You knew the following spells:

 Your Spells              Type           Power        Failure   Level  Hunger
a - Beastly Appendage     Tmut           ####..       1%          1    None
b - Sticks to Snakes      Tmut           ####....     1%          2    ##.....
c - Ice Form              Ice/Tmut       ##......     36%         4    ####...
e - Spider Form           Tmut/Pois      ##........   11%         3    ###....


Dungeon Overview and Level Annotations

Branches:
Dungeon (8/15)             Temple (0/1) D:5
   Lair: D:8-11

Altars:
Fedhas
Hepliaklqana
Kikubaaqudgha
Okawaru
Qazlal
Sif Muna
Zin

Shops:
D:5 [


Innate Abilities, Weirdness & Mutations

You cannot wear most types of armour.
You are very stealthy in the water. (Stealth+)
You are amphibious.
You can wear up to eight rings at the same time.
((You can use your tentacles to constrict eight enemies at once.))
((Your skin changes colour to match your surroundings (Stealth+).))
((Your rubbery body absorbs attacks. (AC +1, EV +1)))


Message History

Confirm with . or Enter, or press ? or * to list all spells.
Okay, then.
Casting: Spider Form
Confirm with . or Enter, or press ? or * to list all spells.
You miscast Ice Form.
You are very lightly contaminated with residual magic.
You feel uncomfortably cold.
The orc shouts!
Casting: Ice Form
Confirm with . or Enter, or press ? or * to list all spells.
You turn into a creature of crystalline ice.
The water moccasin closely misses you.
You punch the water moccasin! You freeze the water moccasin.
The water moccasin is heavily wounded.
The water moccasin bites you.
You punch the water moccasin!
The water moccasin seems to slow down.
You freeze the water moccasin.
The water moccasin is almost dead.
You punch the water moccasin!
The water moccasin seems to slow down.
You freeze the water moccasin.
You kill the water moccasin!
Okawaru accepts your kill.
You hit the orc. You freeze the orc.
The orc is severely wounded.
The orc barely misses you.
You punch the orc! You freeze the orc.
You kill the orc!
Okawaru accepts your kill.
A two-headed ogre comes into view.
It is wielding a giant spiked club and a giant club.
Items here: ) [ †† a club; a robe; an orc corpse; a water moccasin corpse The two-headed ogre shouts in stereo!
The two-headed ogre closely misses you.
The two-headed ogre hits you with a giant club!!
You hit the two-headed ogre. You freeze the two-headed ogre.
The two-headed ogre is lightly wounded.
You hit the two-headed ogre. You freeze the two-headed ogre.
The two-headed ogre is lightly wounded.
The two-headed ogre hits you with a giant spiked club!!
* * * LOW HITPOINT WARNING * * *
The two-headed ogre hits you with a giant club!!
* * * LOW HITPOINT WARNING * * *
You barely miss the two-headed ogre.
The two-headed ogre is lightly wounded.
The two-headed ogre misses you. The two-headed ogre barely misses you.
You hit the two-headed ogre. You freeze the two-headed ogre.
The two-headed ogre is lightly wounded.
You hit the two-headed ogre. You freeze the two-headed ogre.
The two-headed ogre is moderately wounded.
The two-headed ogre misses you. The two-headed ogre closely misses you.
Unknown command.
You punch the two-headed ogre! You freeze the two-headed ogre.
The two-headed ogre is heavily wounded.
The two-headed ogre barely misses you.
The two-headed ogre hits you with a giant club!
* * * LOW HITPOINT WARNING * * *
Unknown command.
You punch the two-headed ogre! You freeze the two-headed ogre.
The two-headed ogre is almost dead.
Unknown command.
You hit the two-headed ogre. You freeze the two-headed ogre.
The two-headed ogre is almost dead.
The two-headed ogre hits you with a giant spiked club!!
You die...

..##...#####.............##
... .......#
#.............## ...
..##...# ....###.###..##
... ..##...# ...##.....##.#
.. ........ . ##.......###
.. ..####### ##..#.#.#..#
..#### #..#######... .....#
#.)#.....#.... .....#
#..(#..Y$...#..# .....#
#.#..#..O..#...# ....[#
#.#..####### .....# ..##..
.....####...##..
..........# #. .# .
........### ## ### . #
........# #.# #.# ........#
##.# .#


You could see a two-headed ogre.

Vanquished Creatures
  Menkaure (D:6)
  A water moccasin (D:8)
  3 sky beasts
  2 orc warriors
  3 ice beasts (D:5)
  A black bear (D:6)
  4 ogres (D:7)
  A phantom (D:7)
  A centaur (D:8)
  A crocodile (D:8)
  A big kobold (D:8)
  2 bullfrogs
  2 scorpions
  4 wights (D:7)
  2 howler monkeys (D:7)
  3 crimson imps
  A quasit (D:7)
  A bullfrog zombie (D:8)
  2 hounds
  4 jellies
  An orc priest (D:6)
  4 orc wizards
  2 iguanas
  5 worker ants
  A hound skeleton (D:8)
  6 adders
  3 shadow imps
  7 oozes (D:3)
  3 adder skeletons
  3 worms
  3 dart slugs
  5 leopard geckos
  24 orcs
  2 ball pythons
  3 giant cockroaches
  9 goblins
  11 hobgoblins
  11 jackals
  5 quokkas
  7 bats
  3 frilled lizards
  29 kobolds
  2 quokka zombies
  12 rats
201 creatures vanquished.

Vanquished Creatures (others)
  3 fungi (D:3)
  10 toadstools (D:3)
13 creatures vanquished.

Grand Total: 214 creatures vanquished

Notes
Turn   | Place    | Note
-------+----------+-------------------------------------------
     0 | D:1      | Amnesiac the Octopode Transmuter began the quest for the Orb.
     0 | D:1      | Reached XP level 1. HP: 13/13 MP: 3/3
   129 | D:1      | Reached XP level 2. HP: 14/18 MP: 5/5
   298 | D:1      | Reached XP level 3. HP: 17/24 MP: 6/6
   302 | D:1      | Learned a level 2 spell: Sticks to Snakes
   334 | D:1      | Learned a level 3 spell: Spider Form
   678 | D:2      | Noticed a phantom
  1041 | D:2      | Reached XP level 4. HP: 25/29 MP: 7/7
  1793 | D:3      | Reached XP level 5. HP: 27/35 MP: 8/8
  2414 | D:4      | Reached XP level 6. HP: 36/41 MP: 9/9
  2420 | D:4      | Learned a level 4 spell: Ice Form
  3094 | D:4      | Found an iron altar of Okawaru.
  3155 | D:4      | Became a worshipper of Warmaster Okawaru
  3249 | D:4      | Found a deep blue altar of Sif Muna.
  3539 | D:4      | Reached XP level 7. HP: 46/46 MP: 11/11
  3545 | D:4      | Found a glowing silver altar of Zin.
  3638 | D:5      | Entered Level 5 of the Dungeon
  3886 | D:5      | Reached skill level 1 in Invocations
  3942 | D:5      | Reached skill level 5 in Unarmed Combat
  3942 | D:5      | Reached skill level 5 in Transmutations
  3969 | D:5      | Reached * piety under Okawaru
  4053 | D:5      | Found an ancient bone altar of Kikubaaqudgha.
  4095 | D:5      | Found Ywos's Armour Shoppe.
  4212 | D:5      | Found a staircase to the Ecumenical Temple.
  4363 | D:5      | Reached XP level 8. HP: 29/52 MP: 13/13
  4996 | D:6      | Noticed Menkaure
  5006 | D:6      | Killed Menkaure
  5998 | D:7      | Reached ** piety under Okawaru
  6177 | D:7      | Reached XP level 9. HP: 48/58 MP: 15/15
  6317 | D:7      | Found a blossoming altar of Fedhas.
  7095 | D:8      | Found a deep blue altar of Sif Muna.
  7213 | D:8      | Reached *** piety under Okawaru
  7271 | D:8      | Found a stormy altar of Qazlal.
  7403 | D:8      | Found a hazy altar of Hepliaklqana.
  7643 | D:7      | Reached skill level 5 in Fighting
  7745 | D:8      | Noticed a two-headed ogre
  7756 | D:8      | Annihilated by a two-headed ogre

Vault maps used:
D:1:      saegor_arrival_under_anarchy
D:3:      cheibrodos_fertilizer
D:4:      corexii_shack_village, nicolae_overflow_crystal_walls,
          lemuel_coloured_pillars_altar, led_sif_pool, first_ration
D:5:      old_standard_altar, minmay_temple_entry_large_hall, serial_shops,
          shop_coins
D:6:      uniq_menkaure
D:7:      basic_altar
D:8:      minmay_the_grid_octo_triangle, grunt_qazlal_clouds,
          nicolae_overflow_hidden_temple, serial_glass, glass_columns_a,
          glass_columns_b, basic_altar, nicolae_looking_at_the_future

Skill      XL: |  1  2  3  4  5  6  7  8  9 |
---------------+----------------------------+-----
Fighting       | 2 3 4 5 |  5.0
Transmutations | 3 4 5 6 7 |  7.4
Unarmed Combat | 4 5 6 7 |  7.4
Dodging        | 3 4 |  4.9
Spellcasting   | 3 4 |  4.6
Invocations    | 1 3 4 |  4.2

Action                   |  1- 3 |  4- 6 |  7- 9 || total
-------------------------+-------+-------+-------++-------
Melee: Unarmed           |    82 |    54 |    99 ||   235
       Constrict         |    29 |    20 |    20 ||    69
       Tentacles         |    11 |    10 |     8 ||    29
       Punch             |       |     2 |     5 ||     7
       Arbalest          |       |    14 |    41 ||    55
 Fire: Arbalest          |       |    95 |   189 ||   284
Throw: Stone             |   110 |    55 |       ||   165
 Cast: Spider Form       |       |       |    13 ||    13
       Ice Form          |       |       |     2 ||     2
 Stab: Sleeping          |       |     2 |       ||     2
  Eat: Chunk             |       |     8 |    16 ||    24
Armor: Skin              |     6 |     6 |     6 ||    18
Dodge: Dodged            |    44 |   102 |   153 ||   299

Table legend:
 A = Spawn XP
 B = Non-spawn XP
 C = Spawn XP percentage of total XP
 D = Spawn monster count
 E = Non-spawn monster count
 F = Spawn count percentage of total count
 G = Total turns spent on level
                    A         B        C        D         E        F      G
               +---------+---------+-------+---------+---------+-------+---------
         Total |       0 |    4410 |   0.0 |       0 |     201 |   0.0 |  7756
               +---------+---------+-------+---------+---------+-------+---------
           D:1 |       0 |      45 |   0.0 |       0 |      27 |   0.0 |   681
           D:2 |       0 |      59 |   0.0 |       0 |      20 |   0.0 |   610
           D:3 |       0 |     191 |   0.0 |       0 |      35 |   0.0 |   978
           D:4 |       0 |     331 |   0.0 |       0 |      30 |   0.0 |  1369
           D:5 |       0 |     675 |   0.0 |       0 |      20 |   0.0 |   992
           D:6 |       0 |     505 |   0.0 |       0 |       8 |   0.0 |  1156
           D:7 |       0 |    1465 |   0.0 |       0 |      27 |   0.0 |  1364
           D:8 |       0 |    1139 |   0.0 |       0 |      34 |   0.0 |   606
               +---------+---------+-------+---------+---------+-------+---------
